[ PARTIDA AOE2 · #494135370 ]
UnrankedShu vs Khmer
Equipo del jugador · VICT
Equipo rival · DERR
[ ANÁLISIS DE REPETICIÓN · EXTRAÍDO DE LA PARTIDA GRABADA ]
Feudal
9:16
Castillos
—
Imperial
—
| APM promedio | 36.8 |
| APM pico | 70 |
| eAPM promedio | 17.0 |
| Aldeanos / militares | 27 / 2 |
Foco
⚔️ 33.1% · 🌾 66.9%
Militia ×2
Feudal
9:09
Castillos
—
Imperial
—
| APM promedio | 51.4 |
| APM pico | 76 |
| eAPM promedio | 13.5 |
| Aldeanos / militares | 26 / 0 |
Foco
⚔️ 24.8% · 🌾 75.2%
Mapa de la partida
Recursos iniciales + cada clic de construcción. Líneas = muros · curvas = relieve. ◆ oro · ⬟ piedra · ● bayas · ✦ reliquia · ◌ hueco del cierre
Tu base
Base de Eudamidas
Terreno inicial suavizado · ◌ = hueco del cierre detectado · pasá el cursor para detalles
Inputs por minuto
— LRNI_robotech - - Eudamidas
Build order — LRNI_robotech
43 acciones detectadas en el replay
| 0:00 | Crear | Villager (Male) |
| 0:01 | Crear | Villager (Male) |
| 0:02 | Construir | House |
| 0:03 | Construir | House |
| 0:04 | Crear | Villager (Male) |
| 0:04 | Crear | Villager (Male) |
| 1:27 | Crear | Villager (Male) |
| 1:50 | Crear | Villager (Male) |
| 1:50 | Crear | Villager (Male) |
| 1:52 | Construir | Lumber Camp |
| 2:25 | Crear | Villager (Male) |
| 2:55 | Crear | Villager (Male) |
| 3:08 | Crear | Villager (Male) |
| 3:40 | Crear | Villager (Male) |
| 3:40 | Crear | Villager (Male) |
| 3:42 | Construir | House |
| 4:03 | Construir | Mill |
| 4:08 | Crear | Villager (Male) |
| 4:08 | Crear | Villager (Male) |
| 4:46 | Crear | Villager (Male) |
| 4:46 | Crear | Villager (Male) |
| 5:23 | Crear | Villager (Male) |
| 5:27 | Crear | Villager (Male) |
| 5:27 | Crear | Villager (Male) |
| 5:44 | Crear | Villager (Male) |
| 5:44 | Crear | Villager (Male) |
| 6:33 | Investigar | Loom |
| 6:50 | Construir | Barracks |
| 6:57 | Investigar | Feudal Age |
| 7:29 | Construir | Lumber Camp |
| 7:45 | Crear | Villager (Male) |
| 7:45 | Crear | Villager (Male) |
| 8:01 | Crear | Militia |
| 8:01 | Crear | Militia |
| 8:07 | Construir | House |
| 8:35 | Construir | Mining Camp |
| 8:55 | Construir | Palisade Wall |
| 9:11 | Crear | Villager (Male) |
| 9:11 | Crear | Villager (Male) |
| 9:16 | Edad | Edad Feudal |
| 9:18 | Crear | Villager (Male) |
| 9:27 | Construir | Archery Range |
| 9:43 | Crear | Villager (Male) |
Build order — Eudamidas
43 acciones detectadas en el replay
| 0:02 | Crear | Villager (Male) |
| 0:02 | Crear | Villager (Male) |
| 0:02 | Crear | Villager (Male) |
| 0:02 | Crear | Villager (Male) |
| 0:03 | Crear | Villager (Male) |
| 0:04 | Construir | House |
| 0:06 | Construir | House |
| 1:30 | Crear | Villager (Male) |
| 1:30 | Crear | Villager (Male) |
| 1:52 | Construir | Lumber Camp |
| 1:54 | Crear | Villager (Male) |
| 1:55 | Crear | Villager (Male) |
| 2:23 | Crear | Villager (Male) |
| 2:49 | Crear | Villager (Male) |
| 3:15 | Crear | Villager (Male) |
| 3:15 | Crear | Villager (Male) |
| 3:44 | Construir | Mill |
| 3:49 | Crear | Villager (Male) |
| 3:49 | Crear | Villager (Male) |
| 3:50 | Crear | Villager (Male) |
| 4:27 | Construir | House |
| 4:43 | Crear | Villager (Male) |
| 4:43 | Crear | Villager (Male) |
| 4:58 | Crear | Villager (Male) |
| 5:30 | Crear | Villager (Male) |
| 5:55 | Crear | Villager (Male) |
| 6:03 | Crear | Villager (Male) |
| 6:08 | Investigar | Loom |
| 6:19 | Crear | Villager (Male) |
| 6:59 | Investigar | Feudal Age |
| 7:27 | Construir | House |
| 8:05 | Construir | Palisade Wall |
| 8:09 | Construir | Palisade Wall |
| 8:22 | Construir | Farm |
| 8:49 | Construir | Palisade Wall |
| 9:09 | Edad | Edad Feudal |
| 9:09 | Crear | Villager (Male) |
| 9:10 | Crear | Villager (Male) |
| 9:13 | Construir | Stable |
| 9:20 | Investigar | Double-Bit Axe |
| 9:31 | Construir | House |
| 9:32 | Construir | Palisade Wall |
| 9:34 | Crear | Villager (Male) |
Cronología de la partida
| 6:50 | LRNI_robotech · first_building Barracks |
| 8:05 | Eudamidas · wall_segment Palisade Wall x5 |
| 8:09 | Eudamidas · wall_segment Palisade Wall x10 |
| 8:49 | Eudamidas · wall_segment Palisade Wall x4 |
| 8:55 | LRNI_robotech · wall_segment Palisade Wall x1 |
| 9:09 | Eudamidas · age_up feudal |
| 9:13 | Eudamidas · first_building Stable |
| 9:16 | LRNI_robotech · age_up feudal |
| 9:27 | LRNI_robotech · first_building Archery Range |
| 9:32 | Eudamidas · wall_segment Palisade Wall x7 |
| 9:54 | Eudamidas · resign |
[ ANÁLISIS IA · 1 CRÉDITO ]
¿Qué pasó realmente en esta partida?
Wolo.gg analiza cada decisión: build order, eco, micro, errores típicos por bracket. Análisis personalizado por WhatsApp o Discord en 30 segundos.
Guía civ
Shu
Perfil
LRNI_robotech